 Dungeon Crawl Stone Soup version 0.26.1-11-gd32895ea62 (webtiles) character file.

Game seed: 10173616148540087591

259 Zeld the Slasher (level 6, -4/47 HPs)
             Began as a Human Fighter on May 27, 2021.
             Slain by an orc
             ... wielding a +2 flail of holy wrath
              (8 damage)
             ... on level 4 of the Dungeon.
             The game lasted 00:07:06 (5527 turns).

Zeld the Slasher (Human Fighter)                    Turns: 5527, Time: 00:07:07

Health: -4/47      AC:  2    Str: 18    XL:     6   Next: 40%
Magic:  6/6        EV: 11    Int:  8    God:
Gold:   155        SH:  0    Dex: 13    Spells: 5/5 levels left

rFire    . . .     SeeInvis .   a - +0 long sword
rCold    . . .     Faith    .   (no shield)
rNeg     . . .     Spirit   .   h - +0 robe
rPois    .         Reflect  .   (no helmet)
rElec    .         Harm     .   (no cloak)
rCorr    .         Rampage  .   (no gloves)
Will     .....                  (no boots)
Stlth    +.........             (no amulet)
HPRegen  0.15/turn              (no ring)
MPRegen  0.10/turn              (no ring)

@: no status effects
A: no striking features
a: no special abilities


You were on level 4 of the Dungeon.
You visited 1 branch of the dungeon, and saw 4 of its levels.

You collected 155 gold pieces.

Inventory:

Hand Weapons
 a - a +0 long sword (weapon)
Missiles
 g - 28 poisoned darts (quivered)
Armour
 h - a +0 robe (worn)
Wands
 n - a wand of paralysis (12)
 s - a wand of random effects (15)
Scrolls
 b - 2 scrolls of teleportation
 c - 4 scrolls of remove curse
 j - a scroll of enchant weapon
 k - a scroll of blinking {unknown}
 o - 3 scrolls of fear {unknown}
 q - a scroll of random uselessness {unknown}
 r - 2 scrolls of enchant armour {unknown}
 u - a scroll of fog {unknown}
Potions
 d - 3 potions of might
 e - a potion of flight
 f - 4 potions of heal wounds
 i - 2 potions of experience {unknown}
 l - a potion of brilliance {unknown}
 m - a potion of resistance {unknown}
 p - 2 potions of curing {unknown}
 t - 3 potions of berserk rage {unknown}


   Skills:
 - Level 3.0 Fighting
 * Level 6.3 Long Blades
 - Level 3.0 Armour
 - Level 3.0 Shields


You had 5 spell levels left.
You didn't know any spells.
Your spell library was empty.

Dungeon Overview and Level Annotations

Branches:
Dungeon (4/15)
 Temple: D:4-7

Altars:
Zin


Message History

The orc wizard casts a spell.
The orc wizard blinks!
The orc priest looks braver for a moment.
The orc misses you.
You riposte.
You hit the orc.
The orc is heavily wounded.
You hit the orc priest.
You kill the orc priest!
The orc closely misses you.
You can't go up here!
The orc hits you with a +2 flail of holy wrath!
* * * LOW HITPOINT WARNING * * *
You climb downwards.
The adder barely misses you. The adder skeleton bites you.
* * * LOW HITPOINT WARNING * * *
The adder closely misses you. The orc hits you but does no damage.
The adder skeleton barely misses you.
There is a stone staircase leading up here.
The adder misses you. The orc completely misses you.
The adder skeleton barely misses you. The adder barely misses you.
The orc hits you with a +2 flail of holy wrath!
You die...

....... .#
....... .#
....... .#
....... .##
....... ./#####
.......#......#
.......oZ......
......o@.......
#######S...>.5.
#........
#........
#.......#
#....?..#
####....o .....


You could see an adder, a white imp, 3 orcs and an adder skeleton.

Vanquished Creatures
  An orc priest (D:3)
  Ijyb (D:3)
  Terence (D:3)
  6 gnolls (D:3)
  6 adders
  An ooze (D:2)
  A worm (D:2)
  2 dart slugs
  A leopard gecko (D:1)
  An orc (D:3)
  2 ball pythons
  5 giant cockroaches
  5 goblins
  5 hobgoblins
  4 jackals
  6 kobolds
  A quokka (D:2)
  4 bats
  5 frilled lizards
  6 rats
64 creatures vanquished.

Notes
Turn   | Place    | Note
-------+----------+-------------------------------------------
     0 | D:1      | Zeld the Human Fighter began the quest for the Orb.
     0 | D:1      | Reached XP level 1. HP: 18/18 MP: 1/1
   228 | D:1      | Reached XP level 2. HP: 10/24 MP: 2/2
   713 | D:1      | Reached skill level 3 in Long Blades
   961 | D:1      | Reached XP level 3. HP: 24/29 MP: 3/3
  2187 | D:2      | Found a glowing silver altar of Zin.
  2571 | D:2      | Reached skill level 4 in Long Blades
  2571 | D:2      | Reached XP level 4. HP: 34/35 MP: 4/4
  3580 | D:3      | Noticed Ijyb
  3590 | D:3      | Killed Ijyb
  3591 | D:3      | Reached XP level 5. HP: 15/41 MP: 5/5
  3610 | D:3      | Reached skill level 5 in Long Blades
  4646 | D:3      | Noticed Terence
  4655 | D:3      | Killed Terence
  5154 | D:3      | Reached XP level 6. HP: 38/47 MP: 6/6
  5422 | D:3      | Reached skill level 6 in Long Blades
  5527 | D:4      | Slain by an orc

Illustrated notes

Levels and vault maps discovered:
D:1:      enne_arrival_octagon_isle, layout_basic
D:2:      layout_rooms, zin_statuary, serial_aquarium, aquarium_bridge_square
          [aquarium_subvault_bridge, aquarium_subvault_window,
          aquarium_subvault_balcony, aquarium_subvault_wall],
          aquarium_bridge_square [aquarium_subvault_window,
          aquarium_subvault_wall, aquarium_subvault_bridge,
          aquarium_subvault_bridge], aquarium_window_1, aquarium_window_1,
          aquarium_window_fake, aquarium_view_2g, aquarium_view_2e,
          aquarium_balcony_1a
D:3:      layout_basic, uniq_terence, uniq_ijyb
D:4:      layout_rooms

Skill      XL: |  1  2  3  4  5  6 |
---------------+-------------------+-----
Long Blades    | 3 4 5 6 |  6.3
Fighting       | |  3.0
Armour         | |  3.0
Shields        | |  3.0

Action                   |  1- 3 |  4- 6 || total
-------------------------+-------+-------++-------
Melee: Long sword        |    86 |   109 ||   195
  Use: Scroll            |       |     5 ||     5
Armor: Robe              |    20 |     8 ||    28
Dodge: Dodged            |    65 |   108 ||   173
Block: Kite shield       |    14 |       ||    14
       Rpst.: Long sword |    19 |    38 ||    57
